 Dungeon Crawl Stone Soup version 0.31.0-11-ge490571c62 (webtiles) character file.

Game seed: 16473116855846690872

39 qw the Shooter (level 3, -1/18 HPs)
             Began as a Spriggan Hunter on Feb 5, 2024.
             Slain by a rat (3 damage)
             ... on level 2 of the Dungeon.
             The game lasted 00:00:03 (858 turns).

qw the Shooter (Spriggan Hunter)                     Turns: 858, Time: 00:00:04

Health: -1/18      AC:  4    Str:  7    XL:     3   Next: 28%
Magic:  4/4        EV: 10    Int: 10    God:
Gold:   77         SH:  0    Dex: 20    Spells: 2/2 levels left

rFire   . . .        a - +0 shortbow (flame)
rCold   . . .        (shield currently unavailable)
rNeg    . . .        c - +0 robe
rPois   .            g - +2 hat
rElec   .            (no cloak)
rCorr   .            (gloves unavailable)
SInv    +            (boots unavailable)
Will    .....        (no amulet)
Stlth   ++           (no ring)
HPRegen 0.23/turn    (no ring)
MPRegen 0.09/turn

%: no passive effects
@: held, very quick
A: very small, no large weapons, unfitting armour, see invisible, speed 3
a: no special abilities


You were on level 2 of the Dungeon.
You visited 1 branch of the dungeon, and saw 3 of its levels.

You collected 77 gold pieces.


Innate Abilities, Weirdness & Mutations

You are very small and have problems with some larger weapons.
You are too small for most types of armour.
You have supernaturally acute eyesight. (SInv)
You cover ground extremely quickly. (Speed+++)


   Skills:
 - Level 1.5 Fighting
 + Level 4.6 Ranged Weapons
 - Level 4.0 Dodging
 - Level 1.5 Stealth


You had 2 spell levels left.
You didn't know any spells.
Your spell library was empty.

Inventory:

Hand Weapons
 a - a +0 shortbow of flaming (weapon)
Armour
 c - a +0 robe (worn)
 g - a +2 hat (worn)
Scrolls
 f - a scroll of identify

Dungeon Overview and Level Annotations

Branches:
Dungeon (3/15)

Altars:

Shops:
D:2 [   D:3 ?


Message History

The rat bites you but does no damage. The ribbon worm bites you.
The rat bites you. x2
The ribbon worm expels a string of sticky webbing.
The stream of webbing hits you but does no damage.
You are even more entangled.
The rat barely misses you. The rat closely misses you.
The ribbon worm bites you but does no damage.
The rat bites you but does no damage. The rat barely misses you.
The ribbon worm bites you. The rat barely misses you. The rat bites you.
The rat bites you. The rat bites you but does no damage.
The ribbon worm expels a string of sticky webbing.
The stream of webbing hits you but does no damage.
You are even more entangled.
The rat barely misses you. The rat bites you but does no damage.
The ribbon worm bites you.
850 ||| DRINKING potion of heal wounds.
You feel much better. The rat barely misses you. The rat closely misses you.
The ribbon worm bites you but does no damage.
The rat bites you. The rat completely misses you.
The ribbon worm bites you but does no damage.
The rat closely misses you. The rat bites you.
The rat closely misses you. x2; The ribbon worm bites you.
You shoot an arrow. The arrow hits the ribbon worm.
The arrow burns the ribbon worm.
The ribbon worm is heavily wounded.
The rat bites you but does no damage. The rat misses you.
The ribbon worm expels a string of sticky webbing.
The stream of webbing hits you but does no damage.
You are caught in a web!
The rat bites you. The rat bites you but does no damage.
The ribbon worm bites you but does no damage.
An endoplasm comes into view.
The rat barely misses you. x2
The endoplasm quivers.
The ribbon worm closely misses you.
The rat bites you but does no damage. x2
The ribbon worm bites you! The rat barely misses you.
The rat closely misses you. The rat barely misses you. The rat bites you.
You die...

.. #.#
#..###
#....#
#....#
#....###.##
#..........
#..@r..J...
#..wr..>...
#.....)....
####....%..
.......
......#
......#
......#


You could see a ribbon worm, an endoplasm and 2 rats.

Vanquished Creatures
  2 dart slugs
  2 ribbon worms
  2 endoplasms (D:1)
  2 giant cockroaches (D:1)
  3 goblins
  2 hobgoblins (D:1)
  3 jackals (D:1)
  A quokka (D:1)
  3 ball pythons
  3 bats
  A frilled lizard (D:3)
  2 kobolds (D:1)
  3 rats
29 creatures vanquished.

Notes
Turn   | Place    | Note
-------+----------+-------------------------------------------
     0 | D:1      | qw the Spriggan Hunter began the quest for the Orb.
     0 | D:1      | Reached XP level 1. HP: 10/10 MP: 2/2
     0 | D:1      | 0 ||| qw: Version: 0.3-a-160-g6735b56
     0 | D:1      | 0 ||| qw: Game counter: 6144
     0 | D:1      | 0 ||| qw: Melee chars always use a shield: true
     0 | D:1      | 0 ||| qw: God list: Okawaru
     0 | D:1      | 0 ||| qw: Allow faded altars: false
     0 | D:1      | 0 ||| qw: Do Orc after clearing Dungeon:15 true
     0 | D:1      | 0 ||| qw: Do second Lair branch before Depths: true
     0 | D:1      | 0 ||| qw: Lair rune preference: random
     0 | D:1      | 0 ||| qw: Goals: Normal
     0 | D:1      | 0 ||| PLANNING D:1-11
    49 | D:1      | Reached skill level 3 in Dodging
   162 | D:1      | Reached XP level 2. HP: 14/14 MP: 3/3
   680 | D:1      | 680 ||| UPGRADING to +2 hat.
   685 | D:1      | 685 ||| READING scroll labelled VUNOLI BAILU.
   686 | D:1      | 686 ||| READING scroll labelled HIGOEN IJAM.
   686 | D:1      | 686 ||| BRANDING +0 shortbow.
   687 | D:1      | 687 ||| READING 4 scrolls labelled TOASUDW CUSEOP.
   688 | D:1      | 688 ||| DROPPING scroll of butterflies.
   754 | D:2      | Found Kiafi's Antique Armour Shoppe.
   757 | D:2      | You fall into a shaft and drop 1 floor!
   768 | D:3      | Identified the +1 helmet of Fun and Games {rN+ MP+9}
   783 | D:3      | Reached XP level 3. HP: 16/18 MP: 4/4
   814 | D:3      | Found Rinucka's Magic Scroll Shop.
   815 | D:3      | 815 ||| READING 3 scrolls of identify.
   815 | D:3      | 815 ||| IDENTIFYING purple potion
   816 | D:3      | 816 ||| READING 2 scrolls of identify.
   816 | D:3      | 816 ||| IDENTIFYING scroll labelled KODUKHL YLIGIH
   817 | D:3      | 817 ||| DROPPING scroll of immolation.
   849 | D:2      | HP: 4/18 [ribbon worm (3)]
   850 | D:2      | 850 ||| DRINKING potion of heal wounds.
   857 | D:2      | HP: 2/18 [ribbon worm (7)]
   858 | D:2      | Slain by a rat

Levels and vault maps discovered:
D:1:      roadster_arrival_rocket_small, layout_basic
D:2:      kennysheep_the_goblin_king, layout_rooms, serial_shops,
          nicolae_shop_stone, basic_ecumenical_altar,
          amcnicky_mini_rare_corridor_liquid, minmay_tall_x, uniq_robin,
          uniq_sigmund
D:3:      layout_loops_cross, serial_shops, shop, uniq_jessica

Skill      XL: |  1  2 |
---------------+-------+-----
Dodging        | 3 4 |  4.0
Fighting       | |  1.5
Ranged Weapons | |  4.6
Stealth        | |  1.5

Action                     || total
---------------------------++-------
   Fire: Shortbow          ||    75
    Use: Scroll            ||     5
         Potion            ||     1
 Armour: Robe              ||    32
  Dodge: Dodged            ||    31

Table legend:
 A = Non-vault XP
 B = Vault XP
 C = Vault XP percentage of total XP
 D = Non-vault monster count
 E = Vault monster count
 F = Vault count percentage of total count
                 A         B        C        D         E       F
            +---------+---------+-------+---------+---------+-------
      Total |      56 |       1 |   1.8 |      28 |       1 |   3.4
            +---------+---------+-------+---------+---------+-------
        D:1 |      35 |       0 |   0.0 |      19 |       0 |   0.0
        D:2 |       8 |       1 |  11.1 |       4 |       1 |  20.0
        D:3 |      13 |       0 |   0.0 |       5 |       0 |   0.0
            +---------+---------+-------+---------+---------+-------
